 Dungeon Crawl Stone Soup version 0.21-a0-358-g8928369 (webtiles) character file.

9 Dfrag the Firebug (level 2, 19/19 HPs)
             Began as a Demonspawn Fire Elementalist on Oct 12, 2017.
             Quit the game on level 2 of the Dungeon.
             The game lasted 00:00:39 (380 turns).

Dfrag the Firebug (Demonspawn Fire Elementalist)     Turns: 380, Time: 00:00:39

Health: 19/19      AC:  2    Str:  8    XL:     2   Next: 3%
Magic:  3/5        EV: 12    Int: 16    God:
Gold:   46         SH:  0    Dex: 13    Spells: 4/5 levels left

rFire    . . .     SeeInvis .   (no weapon)
rCold    . . .     Gourm    .   (no shield)
rNeg     . . .     Faith    .   a - +0 robe
rPois    .         Spirit   .   (no helmet)
rElec    .         Reflect  .   (no cloak)
rCorr    .         Harm     .   (no gloves)
MR       .....                  (no boots)
Stlth    +++.......             (no amulet)
HPRegen  0.06/turn              (no ring)
MPRegen  0.09/turn              (no ring)

@: no status effects
A: nightstalker 1
a: no special abilities


You were on level 2 of the Dungeon.
You were not hungry.

You visited 1 branch of the dungeon, and saw 2 of its levels.

You collected 46 gold pieces.

Inventory:

Armour
 a - a +0 robe (worn)
Scrolls
 d - 2 scrolls of magic mapping {unknown}
 e - a scroll of remove curse {unknown}
Potions
 g - a potion of degeneration {unknown}
 h - a potion of mutation {unknown}
Books
 b - a book of Flames

   Spells                             Type                      Level
   a - Flame Tongue                   Conjuration/Fire             1
   b - Throw Flame                    Conjuration/Fire             2
   c - Conjure Flame                  Conjuration/Fire             3
   d - Inner Flame                    Hexes/Fire                   3
   e - Sticky Flame                   Conjuration/Fire             4
   f - Fireball                       Conjuration/Fire             5
Comestibles
 c - 2 bread rations
 f - a meat ration


   Skills:
 - Level 1.7 Dodging
 - Level 1.7 Stealth
 + Level 2.2 Spellcasting
 + Level 1.4 Conjurations
 + Level 2.9 Fire Magic


You had 4 spell levels left.
You knew the following spells:

 Your Spells              Type           Power        Failure   Level  Hunger
a - Flame Tongue          Conj/Fire      #....        9%          1    #......


Dungeon Overview and Level Annotations

Branches:
Dungeon (1/15)

Altars:


Innate Abilities, Weirdness & Mutations

You are slightly more attuned to the shadows.


Message History

Aiming: Flame Tongue
Press: ? - help, Shift-Dir - straight line, f - quokka
Aim: a quokka The flame tongue hits the quokka.
You kill the quokka!
You have reached level 2!
Your demonic ancestry asserts itself...
You slip into the darkness of the dungeon.
Casting: Flame Tongue
Confirm with . or Enter, or press ? or * to list all spells.
You can't see any susceptible monsters within range! (Use Z to cast anyway.) Unknown command.
You see here a quokka corpse.
Are you sure you want to abandon this character and quit the game? (Confirm with "yes".)
Okay, then.
Unknown command.
Unknown command.
Are you sure you want to abandon this character and quit the game? (Confirm with "yes".)
Okay, then.
Are you sure you want to abandon this character and quit the game? (Confirm with "yes".)

###########.
#...........
#.############
#.# ##### ...
#.# #...# #.#
#.# #...# #.#
#.# #...# #.#
#.# #...# #.#
#.####...###@#
#.##.........#
##.##.#...#####
#[............
#####.########
#.# #.# #.# #.#


There were no monsters in sight!

Vanquished Creatures
  A hobgoblin (D:1)
  A quokka (D:2)
  2 bats (D:1)
  A frilled lizard (D:1)
  2 goblins (D:1)
  A kobold (D:1)
  A rat (D:1)
9 creatures vanquished.

Notes
Turn   | Place    | Note
-------+----------+-------------------------------------------
     0 | D:1      | Dfrag the Demonspawn Fire Elementalist began the quest for the Orb.
     0 | D:1      | Reached XP level 1. HP: 13/13 MP: 3/3
   352 | D:1      | You fall through a shaft!
   378 | D:2      | Gained mutation: You are slightly more attuned to the shadows. [demonic ancestry]
   378 | D:2      | Reached XP level 2. HP: 19/19 MP: 3/5
   380 | D:2      | Quit the game

Vault maps used:
D:1:      dpeg_arrival_lava_temple_mockup
D:2:      evilmike_ruin_ashenzari, nicolae_dithmenos_shadow_blocks

Action                   || total
-------------------------++-------
Melee: Unarmed           ||     7
 Cast: Flame Tongue      ||    10
Armor: Robe              ||     2
Dodge: Dodged            ||     7

Table legend:
 A = Spawn XP
 B = Non-spawn XP
 C = Spawn XP percentage of total XP
 D = Spawn monster count
 E = Non-spawn monster count
 F = Spawn count percentage of total count
 G = Total turns spent on level
                    A         B        C        D         E        F      G
               +---------+---------+-------+---------+---------+-------+---------
         Total |       0 |      13 |   0.0 |       0 |       9 |   0.0 |   380
               +---------+---------+-------+---------+---------+-------+---------
           D:1 |       0 |      11 |   0.0 |       0 |       8 |   0.0 |   352
           D:2 |       0 |       2 |   0.0 |       0 |       1 |   0.0 |    28
               +---------+---------+-------+---------+---------+-------+---------
